Map: Golden Wall LE

Players

Lambo

  • Race: Zerg Zerg
  • Spawn Location: 5:00

Vanya - Winner!

  • Race: Zerg Zerg
  • League: Grandmaster
  • Spawn Location: 7:00

Event: DreamHack SC2 Masters 2020 Summer Europe

VOD

Have the link to the VOD?

Description

Time

  • Played on: July 9, 2020, 9:56 a.m.
  • Length: 7:40

All games in this series

Show
View Real Time Build Order
Export as new Build Order

Lambo Zerg 

Build Orders: Hatch First 

Get SALT Encoding   

  12  0:00  Drone  
  13  0:12  Overlord  
  13  0:17  Drone  
  14  0:31  Drone x2  
  16  0:49  Hatchery  
  15  0:51  Drone  
  15  0:55  Drone  
  17  0:59  Drone  
  18  1:09  Extractor  
  17  1:13  Spawning Pool  
  17  1:17  Drone  
  17  1:20  Drone  
  18  1:28  Drone  
  19  1:38  Drone  
  20  1:49  Drone  
  21  2:00  Queen x2  
  25  2:01  Overlord, Zergling x2  
  26  2:12  Drone x2  
  28  2:21  Drone  
  28  2:22  Drone  
  30  2:32  Drone  
  30  2:34  Drone  
  30  2:36  Queen  
  34  2:37  Evolution Chamber  
  34  2:40  Lair  
  33  2:45  Drone  
  33  2:48  Overlord  
  34  2:55  Roach Warren  
  33  3:00  Drone x2  
  33  3:05  Zerg Missile Weapons Level 1  
  35  3:06  Drone  
  35  3:10  Drone  
  35  3:11  Drone  
  38  3:13  Drone  
  38  3:17  Drone x2  
  41  3:21  Drone  
  41  3:24  Overlord  
  41  3:26  Drone  
  43  3:30  Drone  
  43  3:33  Extractor  
  43  3:34  Extractor  
  41  3:37  Drone x2  
  41  3:38  Glial Reconstitution  
  43  3:42  Drone x2  
  43  3:44  Drone  
  43  3:45  Drone  
  47  3:51  Drone x2  
  47  3:53  Roach  
  51  3:59  Overlord  
  51  4:15  Overlord  
  51  4:17  Overlord  
  51  4:18  Roach x4  
  59  4:25  Hatchery  
  59  4:27  Roach  
  60  4:31  Overseer  
  60  4:34  Overlord  
  60  4:36  Drone  
  60  4:37  Roach x2  
  65  4:42  Roach x2  
  65  4:45  Roach  
  71  4:48  Roach  
  71  4:49  Overlord  
  71  4:51  Extractor  
  72  4:53  Roach  
  74  5:00  Drone x2  
  74  5:01  Evolution Chamber, Drone  
  74  5:06  Roach x2  
  80  5:12  Roach x2  
  84  5:15  Roach x2  
  84  5:18  Roach  
  86  5:22  Roach x2  
  90  5:29  Roach  
  92  5:38  Roach x3  
  96  5:43  Roach  
  96  5:44  Overlord  
  98  5:51  Overlord  
  94  6:06  Roach  
  94  6:07  Roach x2  
  100  6:15  Roach x4  
  108  6:21  Roach  
  98  6:28  Roach x2  
  102  6:39  Roach x2  
  105  6:44  Spore Crawler  
  97  6:47  Spore Crawler  
  97  6:51  Roach x3  
  100  6:57  Queen  
  101  7:02  Roach  
  83  7:16  Roach x2  
  83  7:20  Roach  
  73  7:23  Drone  
  73  7:26  Drone  
Show
View Real Time Build Order
Export as new Build Order

Vanya Zerg - Winner!

Build Orders: Hatch First 

Get SALT Encoding   

  12  0:00  Drone  
  13  0:13  Overlord  
  13  0:18  Drone  
  14  0:31  Drone x2  
  16  0:48  Hatchery  
  15  0:53  Drone  
  15  0:56  Drone  
  17  0:59  Drone  
  18  1:10  Extractor  
  17  1:15  Spawning Pool  
  16  1:19  Drone  
  16  1:22  Drone  
  18  1:30  Drone  
  19  1:40  Drone  
  20  1:50  Overlord  
  20  2:01  Queen  
  20  2:02  Zergling x2, Queen  
  20  2:03  Drone  
  26  2:12  Drone  
  26  2:13  Drone, Metabolic Boost  
  28  2:22  Drone x2  
  30  2:36  Hatchery  
  29  2:39  Drone  
  30  2:46  Drone  
  30  2:47  Drone x2  
  33  2:55  Evolution Chamber, Queen  
  34  3:03  Overlord  
  34  3:04  Drone  
  34  3:05  Drone  
  35  3:22  Drone x5  
  35  3:23  Drone x2  
  42  3:28  Zerg Melee Weapons Level 1  
  42  3:29  Overlord  
  42  3:35  Zergling x2  
  43  3:46  Overlord  
  43  3:50  Drone x6  
  49  3:58  Lair  
  49  3:59  Zergling x4  
  51  4:04  Extractor  
  51  4:05  Drone x2  
  52  4:12  Drone  
  52  4:13  Overlord  
  52  4:15  Zergling x8  
  57  4:23  Zergling x12  
  63  4:28  Overlord  
  63  4:29  Zergling x2  
  64  4:35  Zergling x2  
  65  4:41  Overlord  
  65  4:44  Extractor  
  65  4:45  Zergling x10  
  69  4:54  Zergling x14  
  69  4:57  Spire  
  75  5:05  Zergling x6  
  78  5:14  Overlord  
  77  5:17  Zergling x12  
  80  5:24  Zergling x10  
  85  5:41  Spine Crawler x2  
  85  5:42  Spine Crawler  
  75  5:57  Extractor  
  69  5:59  Drone  
  69  6:00  Drone  
  69  6:02  Spine Crawler x2  
  69  6:03  Spine Crawler  
  69  6:04  Spine Crawler  
  69  6:07  Evolution Chamber  
  69  6:08  Mutalisk x2  
  69  6:09  Evolution Chamber, Mutalisk x3  
  73  6:15  Mutalisk  
  72  6:27  Mutalisk  
  67  6:35  Drone x5  
  67  6:36  Mutalisk  
  68  6:45  Mutalisk  
  64  6:56  Mutalisk  
  64  6:58  Zergling x16  
  74  7:08  Mutalisk  
  76  7:12  Zergling x12  
  82  7:22  Zergling x12  
Tags
 
Add a new tag
Caveats
  • Supply blocks, unpowered buildings, or Contaminate may cause inaccurate times.
  • Supply counts are checked every 10 seconds.